 Dungeon Crawl Stone Soup version 0.26.1-2-gb8aa6d0cf2 (webtiles) character file.

Game seed: 13960900435072176170

1190 Martska the Skirmisher (level 8, -7/84 HPs)
             Began as an Ogre Hunter on Mar 11, 2021.
             Was a Follower of the Shining One.
             Mangled by an orc warrior
             ... wielding a +0 hand axe
              (16 damage)
             ... on level 5 of the Dungeon.
             The game lasted 00:10:33 (8215 turns).

Martska the Skirmisher (Ogre Hunter)                Turns: 8215, Time: 00:10:34

Health: -7/84      AC:  3    Str: 19    XL:     8   Next: 43%
Magic:  9/9        EV: 11    Int: 12    God:    the Shining One [*.....]
Gold:   327        SH:  0    Dex:  9    Spells: 7/7 levels left

rFire    . . .     SeeInvis .   i - +0 giant club
rCold    . . .     Faith    .   (shield currently unavailable)
rNeg     . . .     Spirit   .   b - +0 robe
rPois    .         Reflect  .   (helmet restricted)
rElec    .         Harm     .   (no cloak)
rCorr    .         Rampage  .   (gloves unavailable)
Will     .....                  (boots unavailable)
Stlth    +.........             (no amulet)
HPRegen  0.24/turn              (no ring)
MPRegen  0.11/turn              (no ring)

@: glowing
A: large, unfitting armour, tough skin 1
a: Renounce Religion


You were on level 5 of the Dungeon.
You worshipped the Shining One.
The Shining One was aware of your devotion.
You visited 2 branches of the dungeon, and saw 7 of its levels.

You collected 327 gold pieces.

Inventory:

Hand Weapons
 i - a +0 giant club (weapon)
 m - a +0 mace
Missiles
 c - 5 large rocks (quivered)
 d - 2 throwing nets
Armour
 b - a +0 robe (worn)
Magical Staves
 q - an uncursed staff of air {unknown}
Jewellery
 n - an uncursed amulet of faith {unknown}
Wands
 l - a wand of flame (16)
 v - a wand of polymorph (6)
Scrolls
 a - a scroll of random uselessness {unknown}
 f - 6 scrolls of remove curse
 j - 2 scrolls of amnesia
 k - a scroll of teleportation
 o - a scroll of noise {unknown}
 p - 2 scrolls of magic mapping
 r - a scroll of blinking
 s - a scroll of enchant weapon {unknown}
 t - a scroll of fear {unknown}
 u - 2 scrolls of identify
Potions
 e - a potion of magic
 g - a potion of heal wounds {unknown}
 h - 3 potions of haste
 w - a potion of berserk rage {unknown}
 x - a potion of curing


   Skills:
 * Level 6.8 Fighting
 * Level 3.9 Maces & Flails
 + Level 6.1 Throwing
 * Level 4.6 Dodging
 - Level 0.6 Stealth
 * Level 1.7 Invocations
 * Level 1.2 Evocations


You had 7 spell levels left.
You didn't know any spells.
Your spell library contained the following spells:

 Spells                   Type           Power        Failure   Level
 Corona                   Hex            0%           32%         1
 Foxfire                  Conj/Fire      0%           32%         1
 Portal Projectile        Hex/Tloc       0%           69%         3
 Summon Guardian Golem    Hex/Summ       0%           69%         3
 Silence                  Hex/Air        0%           100%        5


Dungeon Overview and Level Annotations

Branches:
Dungeon (6/15)             Temple (1/1) D:5

Altars:
Ashenzari
Cheibriados
Dithmenos
Elyvilon
Fedhas
Gozag
Hepliaklqana
Kikubaaqudgha
Makhleb
Nemelex Xobeh
Qazlal
Ru
Sif Muna
Trog
Vehumet
Wu Jian
Xom
Yredelemnul
The Shining One

Shops:
D:4 :

Portals:
Abyss: D:6

Annotations:
D:6 1 transporter, danmikkh's ghost, novice HOFi


Innate Abilities, Weirdness & Mutations

You are too large for most types of armour.
You have tough skin. (AC +1)


Message History

The orc warrior hits you with a +0 hand axe!
There is a stone staircase leading up here.
You climb upwards.
Reactivating autopickup.
There is a stone staircase leading down here.
You sock the orc warrior!
The orc warrior is severely wounded.
The orc warrior hits you with a +0 hand axe! x2
* * * LOW HITPOINT WARNING * * *
You hit the orc warrior but do no damage.
The orc warrior is severely wounded.
The orc warrior barely misses you.
You barely miss the orc warrior.
The orc warrior is severely wounded.
The orc warrior hits you with a +0 hand axe!
* * * LOW HITPOINT WARNING * * *
You hit the orc warrior but do no damage.
The orc warrior is severely wounded.
The orc warrior hits you with a +0 hand axe!
You die...

####.....##..## #..#
##.............## ##.#
#..####.>.......## #..
#####.......###..# ##.
##### #.⌠.⌠.⌠.# ##.## ##
##...### #.8.8.8.#
##.######
##......####.......#
##>.##..
#.####....#..#.o...##
#...... ###
##.......@.##..#####.....#
#........###...##......##
##......###..............
#....####......#####)...
##..### #..##..# #####
##...## #.###..# #.....#
#.# ##.# #..#..## #.# #..#
#.###..## #.###..# #####


You could see an orc warrior.

Vanquished Creatures
  Sigmund (D:2)
  A sky beast (D:5)
  3 ogres
  A centaur (D:4)
  2 scorpions
  2 hounds (D:4)
  An orc wizard (D:4)
  A bullfrog skeleton (D:4)
  Crazy Yiuf (D:2)
  Jessica (D:2)
  5 worker ants
  4 gnolls (D:5)
  4 adders
  A shadow imp (D:6)
  2 white imps (D:5)
  2 oozes
  2 worms
  2 dart slugs
  4 leopard geckos
  6 orcs (D:4)
  5 giant cockroaches
  6 goblins
  14 hobgoblins
  7 jackals (D:1)
  11 kobolds
  3 quokkas
  4 ball pythons
  5 bats
  2 frilled lizards (D:2)
  A quokka skeleton (D:4)
  9 rats
113 creatures vanquished.

Notes
Turn   | Place    | Note
-------+----------+-------------------------------------------
     0 | D:1      | Martska the Ogre Hunter began the quest for the Orb.
     0 | D:1      | Reached XP level 1. HP: 22/22 MP: 1/1
    32 | D:1      | Found a broken altar of Ashenzari.
   243 | D:1      | Reached XP level 2. HP: 24/31 MP: 2/2
   820 | D:1      | Reached XP level 3. HP: 19/37 MP: 3/3
  1556 | D:2      | Noticed Sigmund
  1560 | D:2      | Killed Sigmund
  1561 | D:2      | Reached skill level 1 in Maces & Flails
  1561 | D:2      | Reached XP level 4. HP: 26/49 MP: 4/4
  1561 | D:2      | Reached XP level 5. HP: 30/55 MP: 5/5
  1578 | D:2      | Found a blossoming altar of Fedhas.
  2003 | D:2      | Noticed Jessica
  2013 | D:2      | Killed Jessica
  2014 | D:2      | Reached skill level 5 in Throwing
  2014 | D:2      | Reached XP level 6. HP: 60/63 MP: 6/6
  2155 | D:2      | Found a runed translucent door.
  2156 | D:2      | Noticed Crazy Yiuf
  2221 | D:2      | Killed Crazy Yiuf
  2303 | D:2      | Found a basalt altar of Yredelemnul.
  2324 | D:2      | Found a white marble altar of Elyvilon.
  3229 | D:3      | Found a burning altar of Makhleb.
  3240 | D:3      | Reached skill level 5 in Fighting
  3841 | D:3      | Found a shimmering altar of Xom.
  3841 | D:3      | Found a broken altar of Ashenzari.
  4366 | D:4      | You fall into a shaft and drop 1 floor!
  4366 | D:5      | Entered Level 5 of the Dungeon
  4641 | D:5      | Reached XP level 7. HP: 47/72 MP: 7/7
  5238 | D:5      | Found a staircase to the Ecumenical Temple.
  5263 | Temple   | Entered the Ecumenical Temple
  5297 | Temple   | Became a worshipper of the Shining One
  6204 | D:5      | Found a shadowy altar of Dithmenos.
  6999 | D:4      | Found a radiant altar of Vehumet.
  7016 | D:4      | Reached XP level 8. HP: 34/84 MP: 8/8
  7427 | D:4      | Identified the Tome of the Enchanting Volcanoes
  7487 | D:4      | Reached skill level 1 in Invocations
  7499 | D:4      | Found Edghurul's Book Shoppe.
  7590 | D:4      | Reached skill level 1 in Evocations
  7947 | D:4      | Found a hazy altar of Hepliaklqana.
  8062 | D:6      | Found a transporter.
  8081 | D:6      | Found a one-way gate to the infinite horrors of the Abyss.
  8081 | D:6      | Noticed danmikkh's ghost (novice HOFi)
  8193 | D:6      | Reached * piety under the Shining One
  8215 | D:5      | Mangled by an orc warrior

Illustrated notes

Levels and vault maps discovered:
D:1:      heliophobic_arrival_ceremonial_halls, layout_loops_corners,
          corexii_leaking_fountain, ashenzari_altar_1
D:2:      layout_basic, marbit_many_paths, lemuel_crystal_altar, fedhas_altar_2,
          uniq_crazy_yiuf_cottage, uniq_sigmund, uniq_jessica
D:3:      layout_loops_ring, overflow_temple_1_default,
          gammafunk_temple_overflow_elements
D:4:      layout_loops_ring, vehumet_altar_wand_db, nzn_hepliaklqana_mist_gate,
          serial_shops, nicolae_shop_temple_entry_statues_fountains
D:5:      layout_layer_cave, nicolae_overflow_crystal_walls,
          minmay_temple_entry_drinking_statues
D:6:      layout_gridville, eat_drink_and_be_merry_uskayaw,
          gammafunk_ghost_abyssal_escape, grunt_potential
Temple:   eino_wide_crystal_templ

Skill      XL: |  1  2  3  4  5  6  7  8 |
---------------+-------------------------+-----
Dodging        | 2 3 4 |  4.6
Fighting       | 3 4 5 6 |  6.8
Maces & Flails | 1 2 3 |  3.9
Throwing       | 5 6 |  6.1
Invocations    | 1 |  1.7
Evocations     | 1 |  1.2
Stealth        | |  0.6

Action                   |  1- 3 |  4- 6 |  7- 9 || total
-------------------------+-------+-------+-------++-------
Melee: Short sword       |    93 |    80 |       ||   173
       Mace              |       |   172 |    42 ||   214
       Giant club        |       |       |    70 ||    70
Throw: Large rock        |     5 |     7 |     8 ||    20
       Throwing net      |       |     2 |       ||     2
  Use: Scroll            |       |     5 |       ||     5
       Potion            |       |     3 |       ||     3
 Stab: Sleeping          |     2 |     3 |       ||     5
Armor: Robe              |    30 |    82 |    15 ||   127
       Skin              |       |     7 |       ||     7
Dodge: Dodged            |    52 |   161 |    70 ||   283
